AoeStats
← Heinzistcool

Arena

508503483Analyzed
4v4 RM · 8d ago on Sep 22, 2026· 20m 56s· 8 players
Game mode
Random Map
Map size
Large (8 player)
Population
200
Speed
Normal
Resources
Standard
Victory
Conquest
Starting age
Dark Age
Ending age
Imperial Age
RankedLock teamsTeams togetherTeam positionsShared explorationLock speedFull tech treeHidden civsTurbo modeCheats
Victory
Defeat
🇺🇸 Varangians · United States
1759
+10
🇬🇧 Varangians · United Kingdom
1738
+10
🇩🇪 Danes · Germany
1723
+11
🇨🇦 Danes · Canada
1661
+14
🇩🇪 Danes · Germany
1722
-15
🇩🇪 Varangians · Germany
1631
-12
🇩🇪 Varangians · Germany
1585
-10
🇩🇪 Vikings · Germany
1504
-8
LM | MaggieWuerze
10:35 Feudal Age
12:11 Double-Bit Axe
14:40 Castle Age
12:51 Horse Collar
13:47 Scale Mail Armor
16:12 Forging
17:25 Loom
Vicky R
10:18 Feudal Age
14:00 Castle Age
12:06 Double-Bit Axe
12:10 Horse Collar
15:00 Bow Saw
17:18 Loom
LM | RenLo
7:04 Loom
10:24 Feudal Age
14:51 Castle Age
13:44 Double-Bit Axe
13:40 Horse Collar
16:49 Bow Saw
Heinzistcool
10:00 Feudal Age
13:36 Castle Age
11:51 Double-Bit Axe
12:22 Horse Collar
14:47 Bow Saw
15:41 Loom
AndyThePro
10:55 Feudal Age
11:42 Double-Bit Axe
12:25 Gold Mining
14:42 Castle Age
13:24 Horse Collar
15:38 Squires
15:25 Arson
15:47 Scale Mail Armor
20:30 Forging
Fallout
11:04 Feudal Age
11:16 Loom
14:55 Castle Age
15:29 Fletching
15:59 Double-Bit Axe
19:50 Forging
21:25 Scale Barding Armor
Benitto Burrito
10:52 Feudal Age
11:33 Loom
14:26 Castle Age
16:10 Arson
16:27 Scale Mail Armor
19:48 Forging
[MELO] dwei
10:06 Feudal Age
13:39 Castle Age
12:07 Double-Bit Axe
12:51 Loom
16:58 Wheelbarrow
16:37 Bow Saw
16:57 Horse Collar
18:39 Forging
Connection lost

Rejoining the realm…

Still unreachable

The connection could not be restored.

Session expired

The server has moved on; the page needs a fresh start.